Map: Eternal Empire LE

Players

Boost - Winner!

  • Race: Terran Terran
  • League: Diamond
  • Spawn Location: 1:00

Pangolin

  • Race: Terran Terran
  • League: Gold
  • Spawn Location: 7:00

VOD

Have the link to the VOD?

Description

Time

  • Played on: July 16, 2020, 9:37 a.m.
  • Length: 8:16
Show
View Real Time Build Order
Export as new Build Order

Boost Terran - Winner!

Build Orders:  

Get SALT Encoding   

  12  0:00  SCV  
  13  0:12  SCV  
  14  0:17  Supply Depot  
  14  0:24  SCV  
  14  0:28  Refinery  
  15  0:39  SCV  
  16  0:46  Barracks  
  16  0:51  SCV  
  16  0:56  Refinery  
  17  1:03  SCV  
  18  1:15  SCV  
  19  1:32  Orbital Command  
  19  1:33  Reaper  
  20  1:40  Factory  
  20  1:52  Supply Depot  
  20  1:58  SCV  
  21  2:05  Reaper  
  22  2:10  SCV  
  24  2:22  SCV  
  24  2:25  Hellion  
  26  2:33  Command Center  
  26  2:39  Barracks Reactor  
  26  2:46  Supply Depot  
  26  2:47  Hellion  
  28  2:53  Starport  
  28  2:59  SCV  
  29  3:08  Factory Tech Lab  
  30  3:12  SCV  
  30  3:15  Marine x2  
  32  3:25  SCV  
  33  3:28  Siege Tank  
  33  3:31  Starport Tech Lab  
  36  3:37  Marine x2, SCV  
  39  3:44  Refinery  
  39  3:46  Orbital Command  
  39  3:52  Raven  
  39  3:53  SCV  
  42  3:57  Marine x2  
  44  4:06  SCV  
  45  4:10  Cyclone  
  45  4:12  SCV  
  49  4:20  Supply Depot  
  49  4:21  Marine x2  
  51  4:27  SCV x2  
  53  4:41  SCV  
  53  4:42  Raven, SCV  
  57  4:49  Command Center  
  57  4:55  Supply Depot  
  57  4:58  SCV x2  
  59  5:05  Barracks Tech Lab  
  59  5:10  Siege Tank  
  62  5:16  SCV x2  
  64  5:23  Supply Depot  
  64  5:25  Barracks  
  64  5:26  Barracks, Stimpack  
  64  5:27  Marine  
  65  5:32  SCV  
  65  5:33  Refinery  
  66  5:35  Starport Reactor  
  66  5:42  Engineering Bay  
  66  5:45  Engineering Bay  
  66  5:46  SCV x2  
  68  5:52  Siege Tank  
  68  5:54  Marine  
  72  6:01  SCV x2  
  72  6:02  Orbital Command  
  74  6:11  Terran Infantry Armor Level 1, Terran Infantry Weapons Level 1  
  74  6:16  Medivac x2  
  74  6:17  SCV  
  79  6:19  SCV  
  79  6:22  Marine x2  
  79  6:25  Combat Shield  
  82  6:26  Marine  
  82  6:28  Marine  
  82  6:29  SCV  
  82  6:30  SCV  
  86  6:33  Orbital Command  
  86  6:35  Siege Tank  
  86  6:39  Marine  
  89  6:43  Marine, SCV x2  
  93  6:49  Barracks  
  93  6:51  Barracks  
  93  7:15  Armory  
  93  7:23  Supply Depot  
  93  7:26  Supply Depot  
  93  7:27  Supply Depot  
  93  7:33  Refinery  
  93  7:34  Refinery  
  93  7:35  Supply Depot  
  93  7:39  Barracks Reactor x2  
  93  7:44  Marine x3, Medivac x2, SCV  
  93  7:46  Supply Depot  
  93  7:47  SCV x2  
  106  7:55  Barracks Reactor  
  106  7:56  SCV  
  105  8:00  SCV  
  105  8:05  Supply Depot  
Show
View Real Time Build Order
Export as new Build Order

Pangolin Terran 

Build Orders:  

Get SALT Encoding   

  12  0:01  SCV  
  13  0:13  SCV  
  14  0:17  Supply Depot  
  14  0:26  Refinery  
  14  0:28  SCV  
  15  0:40  SCV  
  16  0:46  Barracks  
  16  0:59  Refinery  
  17  1:04  SCV  
  17  1:16  SCV  
  18  1:28  SCV  
  19  1:32  Reaper  
  20  1:42  Orbital Command  
  20  1:44  Factory  
  20  1:58  Supply Depot  
  20  2:05  Reaper  
  21  2:16  SCV  
  22  2:28  SCV  
  22  2:29  Hellion  
  25  2:40  Command Center  
  25  2:52  Barracks Tech Lab, Hellion  
  25  2:53  SCV  
  28  3:02  Starport  
  28  3:06  SCV  
  29  3:13  Factory Tech Lab  
  29  3:17  Marine  
  29  3:18  SCV  
  31  3:46  Starport Tech Lab  
  31  3:52  Marine, SCV, Cyclone  
  31  3:54  Refinery  
  31  3:55  Supply Depot  
  36  4:04  SCV  
  36  4:06  Raven  
  36  4:09  Marine  
  39  4:15  Orbital Command  
  39  4:16  SCV  
  41  4:24  Siege Tank  
  41  4:27  Marine  
  41  4:28  SCV  
  46  4:31  Command Center  
  46  4:57  Barracks  
  46  5:05  Barracks  
  46  5:08  Stimpack  
  46  5:20  Supply Depot  
  46  5:21  Supply Depot  
  46  5:42  SCV x2  
  50  5:54  Barracks Reactor, SCV x2  
  50  5:55  Barracks Reactor  
  52  6:04  Orbital Command  
  52  6:06  SCV x2  
  52  6:18  Marine, SCV, Starport Reactor  
  54  6:20  SCV  
  55  6:30  SCV  
  55  6:32  Marine, SCV  
  57  6:33  Marine  
  57  6:34  Orbital Command  
  57  6:36  Marine, Engineering Bay  
  57  6:37  Engineering Bay  
  57  6:38  Marine x2  
  63  6:42  SCV  
  63  6:51  Barracks  
  63  6:53  Marine, Barracks  
  64  6:55  Barracks, SCV x2  
  64  6:56  Refinery  
  64  6:58  Siege Tank  
  69  7:07  SCV x2  
  71  7:11  Marine  
  71  7:15  SCV  
  73  7:19  SCV x2  
  73  7:20  Supply Depot  
  75  7:27  SCV  
  76  7:31  SCV  
  77  7:42  Medivac x2, Siege Tank, Barracks Reactor x2, SCV  
  77  7:43  Barracks Reactor  
  85  7:56  Marine, SCV  
  85  7:57  Marine  
  85  7:59  SCV x2  
Tags
 
Matchup
TvT
Race
Terran
Spawn Locations
Cross Positions
Add a new tag
Caveats
  • Supply blocks, unpowered buildings, or Contaminate may cause inaccurate times.
  • Supply counts are checked every 10 seconds.